 Dungeon Crawl Stone Soup version 0.19-a0-1654-g9d3f708 (webtiles) character file.

20970 Amnesiac the Carver (level 13, -8/142 HPs)
             Began as a Halfling Assassin on Sept 20, 2016.
             Was a Priest of Trog.
             Mangled by Torax's ghost (21 damage)
             ... in a labyrinth.
             The game lasted 00:35:07 (16685 turns).

Amnesiac the Carver (Halfling Assassin)            Turns: 16685, Time: 00:35:08

Health: -8/142     AC: 26    Str: 13    XL:     13   Next: 16%
Magic:  13/13      EV:  3    Int:  9    God:    Trog [***...]
Gold:   1015       SH:  0    Dex: 25    Spells: 0 memorised, 12 levels left

rFire  x . .     SeeInvis +     w - +3 scimitar (elec)
rCold  + . .     Gourm    .     (armour currently unavailable)
rNeg   + + +     Faith    +     (shield restricted)
rPois  +         Spirit   .     (helmet currently unavailable)
rElec  .         Dismiss  .     (cloak currently unavailable)
rCorr  .         Reflect  .     (gloves currently unavailable)
MR     .....     Harm     .     (boots currently unavailable)
Stlth  +++++++... NoTele   +    E - amulet of faith
                                T - ring of ice
                                O - ring of poison resistance

@: agile, tree-form
A: see invisible, mutation resistance 1
a: Berserk, Trog's Hand, Burn Spellbooks, Renounce Religion


You were in a labyrinth.
You worshipped Trog.
Trog was most pleased with you.
You were very hungry.
You were a tree.
You visited 4 branches of the dungeon, and saw 15 of its levels.
You also visited: Labyrinth.

You collected 1063 gold pieces.
You spent 48 gold pieces at shops.

Inventory:

Hand Weapons
 e - a +0 blowgun
 r - a +2 dagger of venom
 w - a +3 scimitar of electrocution (weapon)
Missiles
 b - 4 poisoned needles
 f - 10 curare-tipped needles
Armour
 d - a +0 cloak (melded)
 o - a +2 animal skin
 p - a +1 hat (melded)
 t - a +0 mottled dragon armour (melded)
 K - the +0 pair of gloves of the Beginning (melded) {Str+5}
   (You found it on level 7 of the Dungeon)

   It affects your strength (+5).
 W - a +0 plate armour
Jewellery
 E - an amulet of faith (around neck)
 F - an uncursed amulet of regeneration {unknown}
 O - a ring of poison resistance (left branch)
 T - a ring of ice (right branch)
Wands
 c - a wand of slowing (13/48)
 h - a wand of acid (3/15)
 k - a wand of digging (0/24)
 I - a wand of disintegration (3/24)
 J - a wand of paralysis (11/24)
 L - a wand of disintegration (0/24)
 M - a wand of paralysis (16/24)
 U - a wand of iceblast (6/15)
Scrolls
 n - a scroll of enchant armour
 y - 3 scrolls of teleportation
Potions
 i - 2 potions of might
 l - 3 potions of flight
 m - a potion of magic
 u - 2 potions of curing
 x - a potion of cancellation {unknown}
 z - a potion of brilliance {unknown}
 A - a potion of resistance
 C - 5 potions of haste
 H - a potion of lignification
Comestibles
 a - 3 meat rations
 g - 7 bread rations
 j - a fruit
 B - 2 slices of pizza
 G - 3 beef jerkies
 S - 11 royal jellies


   Skills:
 - Level 11.5 Fighting
 - Level 4.0(11.6) Short Blades
 - Level 14.0(14.1) Long Blades
 - Level 2.0 Throwing
 + Level 7.8 Dodging
 - Level 7.0 Stealth


You had 12 spell levels left.
You didn't know any spells.

Dungeon Overview and Level Annotations

Branches:
Dungeon (11/15)            Temple (1/1) D:6            Lair (1/6) D:11
    Orc (2/2) D:11            Elf (0/3) Orc:2

Altars:
Ashenzari
Cheibriados
Dithmenos
Elyvilon
Fedhas
Gozag
Hepliaklqana
Kikubaaqudgha
Makhleb
Nemelex Xobeh
Okawaru
Qazlal
Ru
Sif Muna
Trog
Uskayaw
Vehumet
Xom
Yredelemnul
Zin
The Shining One
Beogh

Shops:
D:8 (   D:9 :   Orc:1 (}   Orc:2 !(*[

Annotations:
Lab Torax's ghost, journeyman OgFi


Innate Abilities, Weirdness & Mutations

You are small and have problems with some larger weapons.
You are somewhat resistant to further mutation.
You have supernaturally acute eyesight. (SInv)


Message History

Unknown command.
Okay, then.
You fail to use your ability.
Unknown command.
Okay, then.
You fail to use your ability.
Torax's ghost hits you but does no damage.
Unknown command.
You fail to use your ability.
Torax's ghost says very slowly, "There's no hope."
Torax's ghost hits you!
* * * LOW HITPOINT WARNING * * *
Unknown command.
Okay, then.
Unknown command.
Your ogre goes berserk!
You are feeling very hungry.
You can no longer call in reinforcements.
Torax's ghost hits you!!
You die...

# # . # # # #
#. ...
.###.#### #
..#... . .# #
.
#O#.#.#.#.###
# #♣# # .. #
#. #W###.###
#. ##.#
#.O...# .#.
.. #. #####
#### ## ...
## # ..# # #
. . . <


You could see Torax's ghost and 2 friendly ogres.

Vanquished Creatures
  2 orc high priests
  An unseen horror (D:11)
  A hill giant (D:10)
  3 orc knights (Orc:2)
  4 orc sorcerers (Orc:2)
  An ugly thing (D:11)
  3 cyclopes
  A troll (D:9)
  A two-headed ogre (D:10)
  2 hippogriffs
  Sigmund (D:6)
  6 redbacks (Lab)
  A shadow (D:11)
  3 yaks (D:11)
  A mottled dragon (D:11)
  Grum (D:8)
  A hungry ghost (D:11)
  A soldier ant (D:11)
  2 wargs (Orc:2)
  A water moccasin (D:5)
  15 orc warriors
  An eye of draining (D:11)
  7 necrophages
  3 ice beasts
  12 ogres
  2 phantoms
  4 wolves (D:8)
  2 centaurs (D:6)
  3 big kobolds
  7 bullfrogs
  Blork the orc (D:6)
  A wyvern zombie (D:10)
  2 scorpions
  2 spriggan skeletons (Lab)
  8 killer bees
  6 wights (D:10)
  5 howler monkeys
  6 hounds
  A centaur zombie (D:10)
  4 crimson imps
  4 jellies
  2 centaur skeletons (Lab)
  26 orc wizards
  18 orc priests
  3 bullfrog skeletons
  2 iguanas
  10 worker ants
  2 hound zombies
  A hound skeleton (D:7)
  A worker ant zombie (D:11)
  A howler monkey skeleton (D:7)
  6 gnolls
  19 adders
  3 shadow imps
  6 oozes
  An adder zombie (D:7)
  An adder skeleton (D:6)
  A worm (D:3)
  7 dart slugs
  7 leopard geckos
  64 orcs
  2 ball pythons (D:4)
  12 giant cockroaches
  12 goblins
  10 hobgoblins
  20 jackals
  17 kobolds
  5 quokkas
  4 bats
  5 frilled lizards
  A leopard gecko skeleton (D:9)
  A quokka skeleton (D:5)
  7 rats
410 creatures vanquished.

Vanquished Creatures (collateral kills)
  A minotaur (Lab)
  A hydra (Lair:1)
  2 orc high priests (Orc:2)
  An orc sorcerer (Orc:2)
  An orc knight (Orc:2)
  A troll (Orc:2)
  A water moccasin (Lair:1)
  2 orc warriors
  An orc priest (Orc:2)
  An orc (Orc:2)
12 creatures vanquished.

Vanquished Creatures (others)
  12 plants
12 creatures vanquished.

Grand Total: 434 creatures vanquished

Notes
Turn   | Place    | Note
-------+----------+-------------------------------------------
     0 | D:1      | Amnesiac the Halfling Assassin began the quest for the Orb.
     0 | D:1      | Reached XP level 1. HP: 14/14 MP: 1/1
    42 | D:1      | Reached XP level 2. HP: 7/19 MP: 2/2
   472 | D:3      | Found a hazy altar of Hepliaklqana.
   564 | D:3      | Reached XP level 3. HP: 16/24 MP: 3/3
   793 | D:4      | Reached skill level 5 in Stealth
   793 | D:4      | Reached XP level 4. HP: 24/29 MP: 4/4
   925 | D:4      | Reached XP level 5. HP: 19/34 MP: 5/5
  1065 | D:4      | Noticed an ogre
  1114 | D:4      | Killed an ogre
  1114 | D:4      | Reached XP level 6. HP: 39/39 MP: 6/6
  1564 | D:4      | Reached skill level 5 in Dodging
  1651 | D:4      | Gained mutation: You have supernaturally acute eyesight. (SInv) [potion of mutation]
  1772 | D:5      | Entered Level 5 of the Dungeon
  1805 | D:5      | Found Yhiesah's Serpentskin Sales.
  1887 | D:5      | Reached XP level 7. HP: 44/44 MP: 7/7
  2060 | D:5      | Found an ancient bone altar of Kikubaaqudgha.
  2156 | D:5      | Noticed a water moccasin
  2190 | D:5      | Killed a water moccasin
  2474 | D:5      | Reached XP level 8. HP: 36/52 MP: 8/8
  3060 | D:6      | Reached skill level 1 in Long Blades
  3114 | D:6      | Reached skill level 2 in Long Blades
  3175 | D:6      | Reached skill level 3 in Long Blades
  3246 | D:6      | HP: 1/52 [orc priest/nerve-wracking pain (13)]
  3254 | D:6      | Reached skill level 4 in Long Blades
  3550 | D:6      | Reached skill level 5 in Long Blades
  3808 | D:6      | Noticed Sigmund
  3832 | D:6      | Killed Sigmund
  3832 | D:6      | Reached XP level 9. HP: 28/56 MP: 9/9
  4010 | D:6      | Found a stormy altar of Qazlal.
  4092 | D:6      | Found a staircase to the Ecumenical Temple.
  4177 | Temple   | Entered the Ecumenical Temple
  4280 | Temple   | Became a worshipper of Trog the Wrathful
  4555 | D:1      | Reached skill level 6 in Long Blades
  5173 | D:2      | Reached * piety under Trog
  5996 | D:3      | Reached ** piety under Trog
  6485 | D:6      | Reached skill level 7 in Long Blades
  6808 | D:6      | Noticed Blork the orc
  6814 | D:6      | Killed Blork the orc
  6833 | D:6      | Found a deep blue altar of Sif Muna.
  6924 | D:7      | Reached skill level 8 in Long Blades
  7114 | D:7      | Found a hide-covered altar of Uskayaw.
  7452 | D:7      | Got a pair of bloodstained gloves
  7463 | D:7      | Identified the cursed +0 pair of gloves of the Beginning {Str+5} (You found it on level 7 of the Dungeon)
  7726 | D:7      | Reached skill level 9 in Long Blades
  7920 | D:8      | Reached *** piety under Trog
  7923 | D:8      | Noticed Grum
  7932 | D:8      | Reached XP level 10. HP: 37/63 MP: 10/10
  8118 | D:8      | Killed Grum
  8118 | D:8      | Reached skill level 10 in Long Blades
  8184 | D:8      | You fall through a shaft for 3 floors!
  8316 | D:10     | Entered Level 10 of the Dungeon
  8425 | D:8      | Found Mipnoqun's Weapon Shop.
  8464 | D:8      | Reached skill level 11 in Long Blades
  8870 | D:8      | Found a sparkling altar of Nemelex Xobeh.
  8894 | D:8      | Found a burning altar of Makhleb.
  8910 | D:8      | Reached **** piety under Trog
  9471 | D:9      | Found Rueteul's Book Shoppe.
  9740 | D:9      | Reached skill level 12 in Long Blades
  9980 | D:9      | Found a blossoming altar of Fedhas.
  9983 | D:9      | Found an iron altar of Okawaru.
  9986 | D:9      | Found an opulent altar of Gozag.
 10271 | D:10     | Reached ***** piety under Trog
 10319 | D:10     | Reached XP level 11. HP: 67/67 MP: 11/11
 10508 | D:10     | Noticed a hill giant
 10524 | D:10     | Reached skill level 13 in Long Blades
 10531 | D:10     | Killed a hill giant
 10731 | D:10     | Received a gift from Trog
 10938 | D:10     | Received a gift from Trog
 11359 | D:11     | Reached skill level 14 in Long Blades
 11479 | D:11     | Noticed an unseen horror
 11487 | D:11     | Killed an unseen horror
 11575 | D:11     | Reached skill level 5 in Fighting
 11760 | D:11     | Noticed a white ugly thing
 11785 | D:11     | Killed a white ugly thing
 12085 | D:11     | Found a staircase to the Lair.
 12102 | D:11     | Found a staircase to the Orcish Mines.
 12229 | Orc:1    | Entered Level 1 of the Orcish Mines
 12425 | Orc:1    | Noticed a cyclops
 12433 | Orc:1    | Found Zeiheo's Antique Weapon Boutique.
 12459 | Orc:1    | Killed a cyclops
 12513 | Orc:2    | Entered Level 2 of the Orcish Mines
 12886 | Orc:2    | Found a staircase to the Elven Halls.
 12930 | Orc:2    | Reached XP level 12. HP: 76/80 MP: 12/12
 13189 | Orc:2    | Found a bloodstained altar of Trog.
 13396 | Orc:2    | Found Aduin's Antique Armour Boutique.
 13401 | Orc:2    | Noticed an orc high priest
 13405 | Orc:2    | Noticed an orc high priest
 13415 | Orc:2    | Noticed a soul eater
 13416 | Orc:2    | Killed an orc high priest
 13418 | Orc:2    | Killed an orc high priest
 13520 | Orc:1    | Found a roughly hewn altar of Beogh.
 13643 | Orc:1    | Found Daeplua's Quality Used Wands.
 14247 | Orc:2    | Noticed an orc high priest
 14262 | Orc:2    | Killed an orc high priest
 14444 | Orc:2    | Reached skill level 10 in Fighting
 14511 | Orc:2    | Found Piytz's Assorted Antiques.
 14739 | Orc:2    | Found Zarghot's Weapon Shoppe.
 14740 | Orc:2    | Found Qaopos's Distillery.
 14756 | Orc:2    | Bought a scroll of remove curse for 48 gold pieces
 15036 | Orc:1    | Noticed an orc high priest
 15048 | Orc:1    | Killed an orc high priest
 15171 | Lair:1   | Entered Level 1 of the Lair of Beasts
 15171 | Lair:1   | Noticed a seven-headed hydra
 15182 | Lair:1   | HP: 3/90 [seven-headed hydra (13)]
 15187 | Lair:1   | HP: 2/90 [poisoned by a water moccasin]
 15192 | Lair:1   | Killed a seven-headed hydra
 15192 | Lair:1   | Reached XP level 13. HP: 10/95 MP: 13/13
 15274 | Lair:1   | Found a labyrinth entrance.
 15283 | Lab      | Entered a labyrinth
 16622 | Lab      | Noticed a minotaur
 16672 | Lab      | Killed a minotaur
 16680 | Lab      | Noticed Torax's ghost (journeyman OgFi)
 16685 | Lab      | Mangled by Torax's ghost

Vault maps used:
D:1:      dpeg_arrival_tiny_h, minmay_misc_feat_secret_circle
D:2:      first_bread, hangedman_abyss_or_decor_stabs
D:3:      lemuel_crystal_altar
D:4:      serial_forest, infiniplex_forest_zigzag_2,
          infiniplex_forest_clump_small, infiniplex_forest_join,
          infiniplex_forest_lined_room_, infiniplex_forest_straight_5,
          infiniplex_forest_lined_2, infiniplex_forest_straight_4,
          infiniplex_forest_end_double
D:5:      basic_altar, guppyfry_shop_venom
D:6:      lemuel_blue_sif_altar, lemuel_crystal_altar, uniq_sigmund,
          uniq_blork_the_orc
D:7:      lemuel_round_altar
D:8:      lemuel_round_altar, makhleb_heckhound_becter, serial_shops,
          nicolae_shop_behind_doors, uniq_grum
D:9:      grunt_temple_overflow_diamond, serial_shops, nicolae_shop_statue_plus
D:10:     serial_undead, serial_undead_c, serial_undead_e, serial_undead_f,
          serial_undead_e, serial_undead_e, hangedman_little_slice_of_home,
          minivault_1
D:11:     david_lair_shrubbed, orc_0_dummy
Temple:   nicolae_temple_hex_pool
Lair:1:   lab_entry_generic, nicolae_quartered_pool_super, st_stairs_8,
          lemuel_fruit_fields, uniq_gastronok
Orc:1:    basic_altar, serial_shops, nicolae_shop_behind_doors,
          nicolae_for_you_no_charge
Orc:2:    st_orc_elflike, basic_altar
Lab:      lab_statue, nicolae_lab_starburst, nicolae_lab_dead_end,
          nicolae_lab_stuck, nicolae_lab_do_over, nicolae_lab_checkerboard,
          lab_hedge

Skill      XL: |  1  2  3  4  5  6  7  8  9 10 11 12 13 |
---------------+----------------------------------------+-----
Short Blades   | 3 4 |  4.0
Stealth        | 5 6 7 |  7.0
Dodging        | 2 3 5 6 7 |  7.8
Fighting       | 3 6 11 | 11.5
Long Blades    | 5 9 12 14 | 14.0
Throwing       | |  2.0

Action                   |  1- 3 |  4- 6 |  7- 9 | 10-12 | 13-15 || total
-------------------------+-------+-------+-------+-------+-------++-------
Melee: Dagger            |    78 |       |   100 |     1 |     3 ||   182
       Scimitar          |    14 |    72 |   353 |   661 |    39 ||  1139
 Fire: Blowgun           |       |     9 |     8 |       |     1 ||    18
Throw: Throwing net      |       |       |     2 |     3 |       ||     5
Invok: Brothers in Arms  |       |       |       |     8 |     3 ||    11
       Trog's Hand       |       |       |       |     2 |     2 ||     4
       Burn Spellbooks   |       |       |       |     1 |       ||     1
Evoke: Wand              |       |       |       |       |     9 ||     9
  Use: Scroll            |       |     3 |     7 |     7 |     2 ||    19
       Potion            |       |     1 |     2 |     4 |     3 ||    10
 Stab: Sleeping          |     4 |     4 |    37 |    17 |     3 ||    65
       Distracted        |       |       |     2 |     4 |       ||     6
  Eat: Chunk             |       |     3 |    23 |    27 |     1 ||    54
       Fruit             |       |       |       |     1 |       ||     1
       Bread ration      |       |       |       |       |     1 ||     1
Armor: Robe              |    16 |     6 |    39 |    30 |       ||    91
       Mottled dragon hi |       |       |       |     7 |     2 ||     9
       Skin              |       |       |       |       |     7 ||     7
       Mottled dragon ar |       |       |       |       |     2 ||     2
Dodge: Dodged            |    59 |    51 |   244 |   364 |    24 ||   742
